 Dungeon Crawl Stone Soup version 0.29-a0-520-gc852659d43 (webtiles) character file.

Game seed: 1623054633197829091

2450 bande the Cleaver (level 9, -2/55 HPs)
             Began as a Gargoyle Fighter on May 31, 2022.
             Slain by an orc warrior
             ... wielding a +1 battleaxe of venom
              (4 damage)
             ... on level 6 of the Dungeon on June 1, 2022.
             The game lasted 00:12:58 (7752 turns).

bande the Cleaver (Gargoyle Fighter)                Turns: 7752, Time: 00:12:59

Health: -2/55      AC: 22    Str: 19    XL:     9   Next: 49%
Magic:  9/9        EV:  4    Int: 10    God:
Gold:   359        SH:  9    Dex: 13    Spells: 8/8 levels left

rFire   . . .      SeeInvis +   a - +0 war axe (venom)
rCold   . . .      Faith    .   n - +0 kite shield
rNeg    + . .      Spirit   .   D - +0 plate armour
rPois   ∞          Reflect  .   (no helmet)
rElec   +          Harm     .   t - scarf {repulsion}
rCorr   .          Rampage  .   C - +0 pair of gloves
Will    .....                   z - +0 pair of boots
Stlth   ..........              B - amulet of regeneration
HPRegen 0.98/turn               c - ring of see invisible
MPRegen 0.11/turn               (no ring)

@: repel missiles
A: sickness immunity, AC +6, negative energy resistance 1, electricity
resistance, torment resistance 1, petrification resistance
a: no special abilities


You were on level 6 of the Dungeon.
You visited 1 branch of the dungeon, and saw 6 of its levels.
You also visited: Sewer.

You collected 359 gold pieces.

Inventory:

Hand Weapons
 a - a +0 war axe of venom (weapon)
 s - a +0 war axe
 w - a +2 mace of draining
Armour
 g - a +1 cloak
 n - a +0 kite shield (worn)
 t - a scarf of repulsion (worn)
 z - a +0 pair of boots (worn)
 C - a +0 pair of gloves (worn)
 D - a +0 plate armour (worn)
Jewellery
 c - a ring of see invisible (left hand)
 d - a ring of fire
 B - an amulet of regeneration (around neck)
Wands
 e - a wand of flame (22)
Scrolls
 i - 3 scrolls of fog
 k - 2 scrolls of blinking
 l - 2 scrolls of poison
 m - a scroll of teleportation
 q - a scroll of enchant armour
 u - a scroll of fear
 y - a scroll of identify
 A - a scroll of enchant weapon {unknown}
Potions
 b - a potion of mutation
 f - a potion of flight
 h - 2 potions of brilliance
 j - 3 potions of curing
 o - 2 potions of heal wounds
 p - 4 potions of haste
 v - 3 potions of degeneration {unknown}
 x - a potion of berserk rage {unknown}


   Skills:
 + Level 6.0 Fighting
 + Level 8.0 Axes
 + Level 7.3 Armour
 + Level 5.9 Shields
 * Level 2.0 Evocations


You had 8 spell levels left.
You didn't know any spells.
Your spell library contained the following spells:

 Spells                   Type           Power      Damage    Failure   Level
 Ensorcelled Hibernation  Hex/Ice        0%         N/A       100%        2
 Passwall                 Tmut/Erth      0%         N/A       100%        2
 Swiftness                Air            0%         N/A       100%        3


Dungeon Overview and Level Annotations

Branches:
Dungeon (6/15)              Sewer (visited)
 Temple: D:4-7

Altars:
Fedhas
Nemelex Xobeh
Trog
Xom
Zin
The Shining One


Innate Abilities, Weirdness & Mutations

You are immune to sickness and miasma.
Your stone body is resilient. (AC +6)
You are immune to poison.
You resist negative energy. (rN+)
You are resistant to electric shocks. (rElec)
You are resistant to unholy torment.
You are immune to petrification.


Message History

You completely miss the orc warrior. You barely miss the orc.
You hit the orc wizard.
The orc wizard is poisoned.
You barely miss the orc wizard. The orc wizard barely misses you.
The orc hits you with a +0 great sword!
The orc wizard gestures at you while chanting.
You easily resist.
The orc warrior hits you with a +1 battleaxe of venom!
You block the orc wizard's attack.
The orc wizard gestures at you while chanting.
You easily resist.
The orc warrior hits you with a +1 battleaxe of venom!
You block the orc's attack.
You barely miss the orc warrior. You hit the orc.
The orc is poisoned.
You slash the orc wizard!
The orc wizard looks as sick as possible!
You closely miss the orc wizard.
The orc wizard gestures at you while chanting.
The puff of flame hits you!
* * * LOW HITPOINT WARNING * * *
You block the orc wizard's attack. The orc hits you with a +0 great sword.
* * * LOW HITPOINT WARNING * * *
The orc warrior completely misses you.
You hit the orc warrior.
The orc warrior is lightly wounded.
You hit the orc.
You kill the orc!
You slash the orc wizard!
You kill the orc wizard!
You closely miss the orc wizard.
The orc wizard points at you and mumbles some strange words.
The magic dart hits you but does no damage.
The orc warrior hits you with a +1 battleaxe of venom.
* * * LOW HITPOINT WARNING * * *
You hit the orc warrior.
The orc warrior is moderately wounded.
You hit the orc wizard but do no damage.
The orc wizard is poisoned.
The orc wizard hits you with a +0 whip.
* * * LOW HITPOINT WARNING * * *
The orc warrior hits you with a +1 battleaxe of venom.
You die...

## ### #.###
#######.##....## #
##..##.....)....# ##
#.....##..@)....# .##
#......#..oo...... ..##
#................. ...#
#................. ...#
##....#........... ...#
##................
...####.........#.......
...##.#.........#.......
..........<......


You could see an orc warrior and an orc wizard (invisible, very poisoned).

Vanquished Creatures
  Edmund (D:5)
  An ice beast (D:5)
  An orc warrior (D:4)
  3 black bears (D:4)
  An ogre (D:5)
  7 kobold brigands (Sewer)
  A gnoll sergeant (D:5)
  4 scorpions (D:5)
  2 necrophages
  3 jellies (D:5)
  4 hounds (D:5)
  3 orc priests
  5 iguanas
  3 orc wizards
  4 gnolls (D:5)
  13 adders
  3 river rats (Sewer)
  2 shadow imps
  2 ufetubi
  4 worms
  3 dart slugs
  23 orcs
  14 endoplasms
  6 giant cockroaches
  5 goblins
  15 hobgoblins
  3 jackals
  6 kobolds
  3 quokkas
  14 ball pythons
  10 bats
  2 frilled lizards
  29 rats
200 creatures vanquished.

Notes
Turn   | Place    | Note
-------+----------+-------------------------------------------
     0 | D:1      | bande the Gargoyle Fighter began the quest for the Orb.
     0 | D:1      | Reached XP level 1. HP: 14/14 MP: 1/1
     1 | D:1      | Found a runed translucent door.
   299 | D:1      | Reached skill level 2 in Axes
   299 | D:1      | Reached XP level 2. HP: 19/19 MP: 2/2
   516 | D:1      | Reached XP level 3. HP: 23/24 MP: 3/3
  1312 | D:1      | Reached XP level 4. HP: 26/29 MP: 4/4
  1716 | D:2      | Reached skill level 3 in Axes
  2223 | D:2      | Found a faded altar of an unknown god.
  2580 | D:3      | Reached XP level 5. HP: 32/33 MP: 5/5
  2696 | D:3      | Found a glowing drain.
  2707 | Sewer    | Entered a sewer
  3153 | Sewer    | Noticed a kobold brigand
  3164 | Sewer    | Killed a kobold brigand
  3165 | Sewer    | Reached skill level 4 in Axes
  3503 | Sewer    | Noticed a kobold brigand
  3518 | Sewer    | Killed a kobold brigand
  3519 | Sewer    | Reached XP level 6. HP: 17/39 MP: 6/6
  4054 | Sewer    | Reached skill level 5 in Armour
  4054 | Sewer    | Reached XP level 7. HP: 42/44 MP: 7/7
  4300 | Sewer    | Reached skill level 5 in Axes
  4717 | D:3      | Found a shimmering altar of Xom.
  4948 | D:3      | Found a sparkling altar of Nemelex Xobeh.
  5026 | D:3      | Found a glowing golden altar of the Shining One.
  5457 | D:4      | Reached skill level 5 in Fighting
  5463 | D:4      | Reached XP level 8. HP: 32/49 MP: 8/8
  5678 | D:4      | Reached skill level 6 in Axes
  6011 | D:4      | Found a bloodstained altar of Trog.
  6332 | D:4      | Found a glowing silver altar of Zin.
  6654 | D:5      | Entered Level 5 of the Dungeon
  6739 | D:5      | Reached skill level 5 in Shields
  6751 | D:5      | Reached skill level 7 in Axes
  6938 | D:5      | Reached XP level 9. HP: 40/54 MP: 9/9
  7098 | D:5      | Reached skill level 1 in Evocations
  7191 | D:5      | Noticed Edmund
  7201 | D:5      | Killed Edmund
  7390 | D:5      | Found a blossoming altar of Fedhas.
  7745 | D:6      | Reached skill level 8 in Axes
  7752 | D:6      | HP: 2/55 [orc wizard/+0 whip (3)]
  7752 | D:6      | Slain by an orc warrior

Illustrated notes

Levels and vault maps discovered:
D:1:      dpeg_arrival_caged_fury, layout_basic
D:2:      minmay_recursive_quarters, layout_loops_ring,
          ebering_ecumenical_altar_mist, st_stairs_11
D:3:      layout_basic, tgw_xom, mainiacjoe_overflow_catch_the_wave,
          cheibrodos_sewer_entry_drain
D:4:      layout_loops_ring, trog_ov_bears_minmay, mainiacjoe_overflow_paths
D:5:      minmay_spotlight, layout_cave_pools, old_standard_altar,
          minmay_starry_boxes, uniq_edmund
D:6:      layout_cave_pools, vehumet_statue, nicolae_wu_jian_glorious_leap,
          minmay_temple_entry_mist

Skill      XL: |  1  2  3  4  5  6  7  8  9 |
---------------+----------------------------+-----
Axes           | 2 3 4 5 7 8 |  8.0
Fighting       | 4 5 6 |  6.0
Armour         | 4 5 6 7 |  7.3
Shields        | 4 5 |  5.9
Evocations     | 2 |  2.0

Action                   |  1- 3 |  4- 6 |  7- 9 || total
-------------------------+-------+-------+-------++-------
Melee: War axe           |    84 |   148 |   337 ||   569
  Use: Scroll            |     6 |     2 |     8 ||    16
       Potion            |       |       |     1 ||     1
Armor: Scale mail        |    70 |    92 |   184 ||   346
       Plate armour      |       |       |    11 ||    11
Dodge: Dodged            |    55 |    67 |   126 ||   248
Block: Buckler           |    23 |    35 |    12 ||    70
       Kite shield       |       |       |   128 ||   128

Table legend: (Time is in decaauts)
 A = Elapsed time spent in this place.
 B = Non-inter-level travel time spent in this place.
 C = Inter-level travel time spent in this place.
 D = Time resting spent in this place.
 E = Time spent auto-exploring this place.
 F = Levels seen in this place.
 G = Mean time per level.
                   A        B        C        D        E       F      G
               +--------+--------+--------+--------+--------+-----+--------+
         Total |   8105 |   7853 |    252 |   1954 |   4387 |   7 | 1157.9 |
       Dungeon |   6161 |   5909 |    252 |    983 |   3707 |   6 | 1026.8 |
         Sewer |   1944 |   1944 |      0 |    971 |    679 |   1 | 1944.0 |
               +--------+--------+--------+--------+--------+-----+--------+

Top non-repeatable levels by time:
   Sewer: 1944 daAuts
     D:2: 1462 daAuts
     D:4: 1258 daAuts
     D:1: 1176 daAuts
     D:3: 1119 daAuts
     D:5: 1055 daAuts
     D:6: 89 daAuts
